 Dungeon Crawl Stone Soup version 0.31-a0-656-gb4d89c20fa (webtiles) character file.

Game seed: 4487067248600094308

7767 fingers the Fighter (level 11, -4/102 HPs)
             Began as a Green Draconian Berserker on Aug 30, 2023.
             Was an Elder of Trog.
             Slain by a yak (9 damage)
             ... on level 9 of the Dungeon.
             The game lasted 00:27:19 (8162 turns).

fingers the Fighter (Green Draconian Berserker)     Turns: 8162, Time: 00:27:20

Health: -4/102     AC: 10    Str: 23    XL:     11   Next: 1%
Magic:  11/11      EV: 13    Int:  9    God:    Trog [****..]
Gold:   649        SH:  6    Dex: 10    Spells: 10/10 levels left

rFire   . . .        o - +4 war axe of the Vase {flame, Fly rN+ Stlth+}
rCold   . . .        G - +0 kite shield
rNeg    + . .        (body armour unavailable)
rPois   +            (helmet restricted)
rElec   .            y - +1 cloak
rCorr   .            (no gloves)
SInv    .            e - +0 pair of boots
Will    .....        h - amulet of the acrobat
Stlth   ++           (no ring)
HPRegen 0.37/turn    (no ring)
MPRegen 0.12/turn

%: acrobat
@: flying
A: breathe noxious fumes, AC +7, unfitting armour, poison resistance,
cold-blooded
a: Breathe Noxious Fumes, Renounce Religion, Berserk, Trog's Hand, Brothers in
Arms


You were on level 9 of the Dungeon.
You worshipped Trog.
Trog was greatly pleased with you.
You visited 1 branch of the dungeon, and saw 9 of its levels.
You also visited: Sewer and Ossuary.

You collected 649 gold pieces.

Inventory:

Hand Weapons
 a - a +0 falchion
 b - a +0 flail
 o - the +4 war axe of the Vase (weapon) {flame, Fly rN+ Stlth+}
   (You took it off a goblin on level 2 of the Dungeon)

   rN+:       It protects you from negative energy.
   Fly:       It grants you flight.
   Stlth+:    It makes you more stealthy.
Armour
 d - a +0 plate armour
 e - a +0 pair of boots (worn)
 f - a +0 buckler
 l - a +0 cloak
 y - a +1 cloak (worn)
 G - a +0 kite shield (worn)
Jewellery
 h - an amulet of the acrobat (around neck)
 F - an amulet of guardian spirit
 J - a ring of willpower
Wands
 s - a wand of mindburst (17)
 H - a wand of roots (35)
 I - a wand of paralysis (9)
Scrolls
 c - 8 scrolls of revelation {unknown}
 g - 6 scrolls of teleportation {unknown}
 j - 14 scrolls of identify {unknown}
 k - 4 scrolls of enchant weapon {unknown}
 m - 3 scrolls of fear {unknown}
 n - 2 scrolls of brand weapon {unknown}
 p - a scroll of vulnerability {unknown}
 r - a scroll of amnesia {unknown}
 t - 3 scrolls of enchant armour {unknown}
 u - 3 scrolls of blinking {unknown}
 w - a scroll of poison {unknown}
 z - 2 scrolls of immolation {unknown}
 A - a scroll of summoning {unknown}
 C - 2 scrolls of fog {unknown}
Potions
 q - 3 potions of mutation
 v - a potion of invisibility
 x - a potion of enlightenment
 B - a potion of ambrosia
 D - 2 potions of resistance {unknown}
 E - a potion of cancellation {unknown}
 K - a potion of attraction


   Skills:
 + Level 11.4 Fighting
 + Level 10.3 Long Blades
 + Level 9.4 Dodging


You had 10 spell levels left.
You didn't know any spells.
Your spell library was empty.

Dungeon Overview and Level Annotations

Branches:
Dungeon (9/15)             Temple (0/1) D:5           Sewer (visited)
Ossuary (visited)
   Lair: D:8-11         Orc: D:9-12

Altars:
Ashenzari
Dithmenos
Fedhas
Gozag
Hepliaklqana
Kikubaaqudgha
Okawaru
Yredelemnul
Zin

Shops:
D:8 *


Innate Abilities, Weirdness & Mutations

You can breathe blasts of noxious fumes.
Your lurid green scales are hard. (AC +7)
You cannot fit into any form of body armour.
Your system is resistant to poisons. (rPois)
You are cold-blooded and may be slowed by cold attacks.


Message History

You kill the yak!
Trog accepts your kill.
You closely miss the yak. The yak closely misses you.
You hit the yak. You burn the yak.
You kill the yak!
Trog accepts your kill.
You hit the yak but do no damage. The yak gores you!
* * * LOW HITPOINT WARNING * * *
You have reached level 11!
The yak gores you but does no damage.
You see here a yak corpse.
The yak attacks as it pursues you! The yak gores you.
* * * LOW HITPOINT WARNING * * *
The yak attacks as it pursues you! The yak barely misses you.
The yak misses you.
There is an open door here.
The yak attacks as it pursues you! The yak barely misses you.
The yak attacks as it pursues you! The yak completely misses you.
The yak attacks as it pursues you! You block the yak's attack.
You closely miss the yak.
The yak is moderately wounded.
You block the yak's attack. x2
You barely miss the yak.
You tail-slap the yak, but do no damage.
The yak is moderately wounded.
You block the yak's attack.
You closely miss the yak.
Your tail-slap misses the yak.
The yak is moderately wounded.
You block the yak's attack. x2
You barely miss the yak.
Your tail-slap misses the yak.
The yak is moderately wounded.
The yak closely misses you. You block the yak's attack.
You slash the yak! You burn the yak.
The yak is severely wounded.
The yak gores you.
* * * LOW HITPOINT WARNING * * *
You barely miss the yak.
The yak is severely wounded.
The yak gores you!
You die...

########## #################
.........# #...............###
.........# #....@Y.........'.#
.........# #...............#.#
.........###...............#.####
.........'.'.........).....#...†#
.........###...............####.†
.........# #...............# ###
#######'## #####'###########
###.# #.## #...# #..#


You could see a yak.

Vanquished Creatures
  A two-headed ogre (D:9)
  Psyche (D:8)
  2 trolls
  Grinder (D:4)
  17 yaks
  Grum (D:8)
  Menkaure (D:7)
  2 water moccasins
  Edmund (D:5)
  Duvessa (D:7)
  2 ice beasts
  A sky beast (D:7)
  An orc warrior (D:7)
  2 wolves (D:8)
  3 centaurs
  An ogre (D:6)
  3 phantoms
  A kobold brigand (D:8)
  Blork the orc (D:4)
  2 bullfrogs
  2 scorpions (D:6)
  4 elf skeletons (D:7)
  4 wights (D:7)
  Dowan (D:7)
  7 killer bees
  3 howler monkeys
  6 centaur zombies (Ossuary)
  6 hounds
  2 jellies (Sewer)
  2 orc priests
  2 iguanas
  3 orc wizards
  6 mummies (Ossuary)
  8 gnolls
  10 adders
  A river rat (Sewer)
  A shadow imp (D:6)
  A white imp (D:7)
  An ufetubus (D:2)
  5 worms
  20 orcs
  2 bats
  16 endoplasms
  7 giant cockroaches
  5 hobgoblins
  4 jackals
  2 quokkas (D:3)
  13 ball pythons
  2 frilled lizards (D:1)
  6 goblins
  A hobgoblin zombie (Ossuary)
  11 kobolds
  An orc skeleton (D:7)
  An orc zombie (D:7)
  8 rats
219 creatures vanquished.

Vanquished Creatures (others)
  A killer bee (D:8)
1 creature vanquished.

Grand Total: 220 creatures vanquished

Notes
Turn   | Place    | Note
-------+----------+-------------------------------------------
     0 | D:1      | fingers the Draconian Berserker began the quest for the
                  | Orb.
     0 | D:1      | Reached XP level 1. HP: 19/19 MP: 1/1
   477 | D:1      | Reached XP level 2. HP: 24/26 MP: 2/2
  1171 | D:2      | Reached XP level 3. HP: 33/33 MP: 3/3
  1206 | D:2      | Reached skill level 4 in Fighting
  1219 | D:2      | Found a broken altar of Ashenzari.
  1360 | D:2      | Identified the +4 war axe of the Vase {flame, Fly rN+
                  | Stlth+}
  1503 | D:2      | Reached XP level 4. HP: 40/40 MP: 4/4
  1970 | D:3      | Reached ** piety under Trog
  2369 | D:3      | Reached XP level 5. HP: 47/47 MP: 5/5
  2777 | D:4      | Found a glowing drain.
  2837 | Sewer    | Entered a sewer
  3033 | Sewer    | Reached skill level 5 in Fighting
  3069 | Sewer    | Found a viscous altar of Jiyva.
  3075 | Sewer    | Reached *** piety under Trog
  3076 | Sewer    | Reached XP level 6. HP: 52/56 MP: 6/6
  3263 | D:4      | Noticed Blork the orc
  3270 | D:4      | Noticed a water moccasin
  3277 | D:4      | Killed Blork the orc
  3280 | D:4      | Killed a water moccasin
  3281 | D:4      | Reached skill level 5 in Long Blades
  3310 | D:4      | Found a hazy altar of Hepliaklqana.
  3328 | D:4      | Your scales start taking on a lurid green colour.
  3328 | D:4      | Reached XP level 7. HP: 57/62 MP: 7/7
  3328 | D:4      | Gained mutation: Your system is resistant to poisons.
                  | (rPois) [Green Draconian growth]
  3393 | D:4      | Noticed Grinder
  3394 | D:4      | Paralysed by Grinder for 4 turns
  3406 | D:4      | Killed Grinder
  3407 | D:4      | Reached skill level 6 in Fighting
  3407 | D:4      | Reached skill level 5 in Dodging
  3626 | D:4      | Found an opulent altar of Gozag.
  3680 | D:4      | Found an iron altar of Okawaru.
  3837 | D:5      | Entered Level 5 of the Dungeon
  3855 | D:5      | Noticed Edmund
  3869 | D:5      | Killed Edmund
  3891 | D:5      | Reached XP level 8. HP: 27/71 MP: 8/8
  4049 | D:5      | Reached skill level 7 in Fighting
  4137 | D:5      | Found a shadowy altar of Dithmenos.
  4256 | D:5      | Found a staircase to the Ecumenical Temple.
  4405 | D:6      | Reached skill level 8 in Fighting
  4645 | D:6      | Reached XP level 9. HP: 80/81 MP: 9/9
  5098 | D:6      | Found a glowing silver altar of Zin.
  5192 | D:7      | Noticed Menkaure
  5198 | D:7      | Killed Menkaure
  5199 | D:7      | Reached skill level 9 in Fighting
  5246 | D:7      | Found an ancient bone altar of Kikubaaqudgha.
  5369 | D:7      | Found a sand-covered staircase.
  5377 | Ossuary  | Entered an ossuary
  5420 | Ossuary  | Reached **** piety under Trog
  5428 | Ossuary  | Gained mutation: You are dopey. (Int -2) [potion of
                  | mutation]
  5428 | Ossuary  | Lost mutation: You are dopey. (Int -2) [potion of mutation]
  5571 | D:7      | Reached XP level 10. HP: 57/93 MP: 10/10
  5585 | D:7      | Noticed Duvessa
  5585 | D:7      | Noticed Dowan
  5591 | D:7      | Killed Duvessa
  5592 | D:7      | Reached skill level 10 in Fighting
  5614 | D:7      | Killed Dowan
  6454 | D:8      | Noticed Grum
  6474 | D:8      | Killed Grum
  6673 | D:8      | Found Enkilusi's Island Escapes.
  6741 | D:8      | Found a blossoming altar of Fedhas.
  7104 | D:8      | Noticed Psyche
  7149 | D:8      | HP: 2/90 [something/chain of chaos (6)]
  7174 | D:8      | Killed Psyche
  7601 | D:8      | Found a basalt altar of Yredelemnul.
  8014 | D:9      | Noticed a two-headed ogre
  8032 | D:9      | Killed a two-headed ogre
  8033 | D:9      | Reached skill level 11 in Fighting
  8033 | D:9      | Reached skill level 10 in Long Blades
  8138 | D:9      | HP: 1/96 [yak (13)]
  8139 | D:9      | Reached XP level 11. HP: 1/102 MP: 11/11
  8161 | D:9      | HP: 4/102 [yak (6)]
  8162 | D:9      | Slain by a yak

Illustrated notes

Levels and vault maps discovered:
D:1:      dpeg_arrival_round_c, layout_basic, roderic_lattice_a
D:2:      layout_loops_ring, basic_altar
D:3:      layout_loops_ring
D:4:      layout_rooms, okawaru_trees_2, nicolae_overflow_crystal_walls,
          mainiacjoe_overflow_alcove_4, serial_curves, eino_curves_03,
          eino_curves_03, gup_sewer_entry_glass, nicolae_houndstooth_variations,
          uniq_grinder, uniq_blork_the_orc
D:5:      layout_rooms, grunt_dithmenos_shadows, minmay_temple_entry_large_hall,
          uniq_edmund
D:6:      layout_gridville, zin_scriptorium
D:7:      layout_loops_ring, mainiacjoe_overflow_boulevard,
          nicolae_ossuary_entry_catacombs, uniq_duvessa, uniq_menkaure,
          uniq_joseph
D:8:      layout_basic, mainiacjoe_overflow_tiny_flanked, lemuel_tele_altar,
          nicolae_wand_duel, nicolae_island_escapes, uniq_grum, uniq_psyche
D:9:      layout_roguey

Skill      XL: |  1  2  3  4  5  6  7  8  9 10 |
---------------+-------------------------------+-----
Dodging        | 3 4 5 6 8 9 |  9.4
Fighting       | 4 5 6 8 9 11 | 11.4
Long Blades    | 4 5 6 7 8 10 | 10.3

Action                     |  1- 3 |  4- 6 |  7- 9 | 10-12 || total
---------------------------+-------+-------+-------+-------++-------
  Melee: Falchion          |    63 |     1 |       |       ||    64
         Unarmed           |     3 |       |       |    25 ||    28
         Tailslap          |     7 |    18 |    24 |    15 ||    64
         War axe           |     8 |   140 |   168 |   128 ||   444
         Flail             |     1 |       |       |       ||     1
 Invoke: Berserk           |     5 |     3 |     7 |     1 ||    16
         Trog's Hand       |       |       |     3 |       ||     3
         Brothers in Arms  |       |       |       |     1 ||     1
Ability: Breathe Noxious F |       |       |     6 |     3 ||     9
  Evoke: Wand              |       |       |       |    14 ||    14
    Use: Potion            |     2 |       |     4 |     8 ||    14
   Stab: Sleeping          |       |     2 |     1 |       ||     3
         Confused          |       |       |     1 |     2 ||     3
         Invisible         |       |       |       |     3 ||     3
 Armour: Skin              |     9 |    60 |    91 |    73 ||   233
  Dodge: Dodged            |    57 |   131 |   202 |   155 ||   545
  Block: Buckler           |     5 |    27 |    11 |       ||    43
         Kite shield       |       |       |    54 |    96 ||   150

Table legend: (Time is in decaauts)
 A = Elapsed time spent in this place.
 B = Non-inter-level travel time spent in this place.
 C = Inter-level travel time spent in this place.
 D = Time resting spent in this place.
 E = Time spent auto-exploring this place.
 F = Levels seen in this place.
 G = Mean time per level.
                   A        B        C        D        E       F      G
               +--------+--------+--------+--------+--------+-----+--------+
         Total |   8461 |   8315 |    146 |      0 |   5095 |  11 |  769.2 |
       Dungeon |   7900 |   7754 |    146 |      0 |   4895 |   9 |  877.8 |
         Sewer |    374 |    374 |      0 |      0 |    117 |   1 |  374.0 |
       Ossuary |    187 |    187 |      0 |      0 |     82 |   1 |  187.0 |
               +--------+--------+--------+--------+--------+-----+--------+

Top non-repeatable levels by time:
     D:8: 1318 daAuts
     D:7: 1182 daAuts
     D:1: 1092 daAuts
     D:2: 912 daAuts
     D:3: 867 daAuts
     D:6: 829 daAuts
     D:4: 765 daAuts
     D:5: 560 daAuts
   Sewer: 374 daAuts
     D:9: 370 daAuts
 Ossuary: 187 daAuts
